 Dungeon Crawl Stone Soup version 0.30.1 (webtiles) character file.

Game seed: 12445791681349016661

211 Sanktem7 the Chopper (level 5, 0/47 HPs)
             Began as a Minotaur Fighter on July 11, 2023.
             Was an Initiate of Okawaru.
             Slain by Pikel
             ... wielding a +0 whip of freezing
              (3 damage)
             ... on level 4 of the Dungeon.
             The game lasted 00:05:02 (3165 turns).

Sanktem7 the Chopper (Minotaur Fighter)             Turns: 3165, Time: 00:05:02

Health: 0/47       AC: 10    Str: 23    XL:     5   Next: 57%
Magic:  4/4        EV:  8    Int:  5    God:    Okawaru [......]
Gold:   245        SH:  4    Dex:  9    Spells: 4/4 levels left

rFire   . . .        a - +0 war axe {axe}
rCold   . . .        c - +0 buckler
rNeg    . . .        q - +0 chain mail {Will+}
rPois   .            (helmet restricted)
rElec   .            (no cloak)
rCorr   .            (no gloves)
SInv    .            k - +0 pair of boots
Will    +....        (no amulet) Stlth
                     (no ring)
HPRegen 0.27/turn    (no ring)
MPRegen 0.09/turn

%: no passive effects
@: no status effects
A: horns 2, retaliatory headbutt
a: Renounce Religion


You were on level 4 of the Dungeon.
You worshipped Okawaru.
Okawaru was noncommittal.
You visited 2 branches of the dungeon, and saw 5 of its levels.

You collected 245 gold pieces.


Innate Abilities, Weirdness & Mutations

You have a pair of horns on your head.
You reflexively headbutt those who attack you in melee.


   Skills:
 + Level 4.7 Fighting
 * Level 4.9 Axes
 + Level 4.7 Armour
 + Level 4.6 Shields


You had 4 spell levels left.
You didn't know any spells.
Your spell library contained the following spells:

 Spells                   Type           Power      Damage    Failure   Level
 Lesser Beckoning         Tloc           0%         N/A       99%         2
 Gell's Gravitas          Tloc           0%         N/A       100%        3
 Teleport Other           Tloc           0%         N/A       100%        3
 Orb of Destruction       Conj           0%         9d5       100%        7
 Summon Guardian Golem    Hex/Summ       Unusable   N/A       N/A         3
 Summon Ice Beast         Ice/Summ       Unusable   N/A       N/A         4
 Summon Mana Viper        Hex/Summ       Unusable   N/A       N/A         5
 Monstrous Menagerie      Summ           Unusable   N/A       N/A         7
 Spellforged Servitor     Conj/Summ      Unusable   N/A       N/A         7

Inventory:

Hand Weapons
 a - a +0 war axe (weapon) {axe}
 o - a +2 flail of venom {mace}
   (You found it on level 2 of the Dungeon)
 y - a +2 dagger of holy wrath {short}
   (You found it on level 3 of the Dungeon)
Missiles
 f - 47 stones (quivered) {throwing}
 p - 2 boomerangs {throwing}
 z - 2 poisoned darts {throwing}
Armour
 b - a +0 scale mail
 c - a +0 buckler (worn)
 k - a +0 pair of boots (worn)
   (You found it on level 2 of the Dungeon)
 q - a +0 chain mail of willpower (worn)
   (You found it on level 3 of the Dungeon)
Wands
 r - a wand of quicksilver (6)
   (You found it on level 3 of the Dungeon)
 t - a wand of flame (23)
   (You found it on level 3 of the Dungeon)
Scrolls
 e - 2 scrolls of fear {unknown}
 h - 2 scrolls of identify {unknown}
 i - a scroll of noise {unknown}
 j - 2 scrolls of immolation {unknown}
 m - 2 scrolls of blinking {unknown}
 n - a scroll of enchant armour {unknown}
 w - a scroll of enchant weapon {unknown}
 B - a scroll of brand weapon {unknown}
Potions
 d - a potion of might
 g - a potion of resistance {unknown}
 l - a potion of brilliance {unknown}
 s - a potion of cancellation {unknown}
 u - a potion of lignification {unknown}
 v - 2 potions of curing {unknown}
 x - a potion of mutation {unknown}
 A - a potion of attraction {unknown}

Dungeon Overview and Level Annotations

Branches:
Dungeon (4/15) Zot: 20856  Temple (1/1) D:4 Zot: 5919

Altars:
Makhleb
Okawaru
Sif Muna
Trog
Uskayaw
Wu Jian
Yredelemnul
The Shining One

Annotations:
D:4 Pikel

.# ### ### #.# #..
#<###.####.####
##.............## ##
..####.####.#...# ..
#.####.# #.....# .#
.....#.# #.#...# .#
......[####.#...##5##.##.
.#......<...#...@K5....?.
.######.###.######5#.###.
.+....รท)###... .#
.#####...##.### .# .#
#.#.##.# .# .# ###.#.##.#
.# .# #...#..#.# .# .#
###.#....# .. .#
#....#.#####...


You could see Pikel and 3 lemures.


Message History

No target in view!
No target in view!
No target in view!
No target in view!
m - 2 scrolls labelled GISAHIHOOTT (gained 1)
There is a dry fountain here.
You now have 228 gold pieces (gained 18).
You pick up a book of Dangerous Friends and begin reading...
You add the spell Orb of Destruction to your library.
Found a stone staircase leading down.
You now have 245 gold pieces (gained 17).
Key pressed, stopping explore.
Things that are here:
a +0 dagger {short}; a goblin skeleton
There is a stone staircase leading up here.
A lemure comes into view.
The lemure shouts!
A lemure comes into view.
There are monsters nearby!
There are monsters nearby!
The lemure shouts!
You hear a shout! x3
Unknown command.
The lemure hits you but does no damage.
You barely miss the lemure. Your headbutt misses the lemure.
You closely miss the lemure. You block the lemure's attack.
The lemure hits you but does no damage.
You hit the lemure. Your headbutt misses the lemure. You hit the lemure.
A lemure comes into view.
The lemure barely misses you. The lemure hits you but does no damage.
You completely miss the lemure.
You headbutt the lemure, but do no damage.
You hit the lemure.
The lemure barely misses you. x2; You furiously retaliate!
You headbutt the lemure.
Pikel, Merchant of Souls comes into view.
He is wielding a +0 whip of freezing.
The lemure hits you but does no damage. The lemure hits you. ๐Ÿ˜• HP[-1]
You take 1 damage, and now have 46/47 hp.
You closely miss the lemure. You hit the lemure. The lemure hits you.
The lemure hits you but does no damage. ๐Ÿ˜• HP[-1]
You take 1 damage, and now have 45/47 hp.
You slash the lemure! You hit the lemure but do no damage.
The lemure closely misses you.
The lemure hits you but does no damage. ๐Ÿ˜• HP[+1]
You closely miss the lemure. Your headbutt misses the lemure.
You hit the lemure but do no damage. You barely miss Pikel.
The lemure hits you but does no damage. The lemure hits you.
Pikel hits you with a +0 whip of freezing.
Pikel freezes you. ๐Ÿ˜• HP[-8]
You take 8 damage, and now have 38/47 hp.
You barely miss the lemure. Your headbutt misses the lemure.
You barely miss the lemure. You barely miss Pikel. The lemure hits you!
The lemure hits you.
Pikel hits you with a +0 whip of freezing.
Pikel freezes you.
Pikel hits you with a +0 whip of freezing.
* * * LOW HITPOINT WARNING * * *
Pikel freezes you.
* * * LOW HITPOINT WARNING * * *
The lemure barely misses you. The lemure hits you.
* * * LOW HITPOINT WARNING * * *
๐Ÿ˜จ HP[-20]
You take 20 damage, and now have 18/47 hp.
MASSIVE DAMAGE!! (PAUSE) Pikel attacks as you move away!
Pikel misses you. ๐Ÿ˜จ HP[+1]
You closely miss the lemure.
A lemure comes into view.
The lemure hits you.
* * * LOW HITPOINT WARNING * * *
๐Ÿ˜จ HP[-4]
You take 4 damage, and now have 15/47 hp.
You barely miss the lemure. The lemure hits you.
* * * LOW HITPOINT WARNING * * *
๐Ÿ˜ฑ HP[-6]
You take 6 damage, and now have 9/47 hp.
You slash the lemure!
You kill the lemure!
That felt strangely unrewarding. ๐Ÿ˜ฑ HP[+1]
You closely miss Pikel.
Pikel hits you with a +0 whip of freezing.
* * * LOW HITPOINT WARNING * * *
Pikel freezes you.
* * * LOW HITPOINT WARNING * * *
๐Ÿ˜ฑ HP[-3]
You take 3 damage, and now have 7/47 hp.
You barely miss Pikel. Your headbutt misses Pikel.
Pikel hits you with a +0 whip of freezing.
* * * LOW HITPOINT WARNING * * *
Pikel freezes you.
* * * LOW HITPOINT WARNING * * *
๐Ÿ˜ฑ HP[-5]
You take 5 damage, and now have 2/47 hp.
You slash Pikel! You block Pikel's attack. ๐Ÿ˜ฑ HP[+1]
You hit Pikel. You headbutt Pikel.
Pikel hits you with a +0 whip of freezing.
You die...

Skill      XL: |  1  2  3 |
---------------+----------+-----
Axes           | 3 4 |  4.9
Fighting       | 4 |  4.7
Armour         | 4 |  4.7
Shields        | 4 |  4.6

Action                     |  1- 3 |  4- 6 || total
---------------------------+-------+-------++-------
  Melee: War axe           |    60 |    89 ||   149
         Headbutt          |     5 |    13 ||    18
 Armour: Scale mail        |    37 |     6 ||    43
         Chain mail        |       |    44 ||    44
  Dodge: Dodged            |    34 |    40 ||    74
  Block: Buckler           |    15 |    23 ||    38

Levels and vault maps discovered:
D:1:      heliophobic_arrival_dark_side_of_the_moon, layout_rooms
D:2:      layout_rooms, uniq_natasha
D:3:      layout_basic, mainiacjoe_overflow_alcove_2, minmay_quantized
D:4:      cheibrodos_old_hovel, layout_basic, nicolae_uskayaw_en_pointe,
          minmay_temple_entry_junction, uniq_pikel, uniq_crazy_yiuf_cottage
Temple:   bh_familiar_temple

Notes
Turn   | Place    | Note
-------+----------+-------------------------------------------
     0 | D:1      | Sanktem7 the Minotaur Fighter began the quest for the Orb.
     0 | D:1      | Reached XP level 1. HP: 19/19 MP: 0/0
     0 | D:1      | magus.rc [v1.9.6]
   110 | D:1      | Reached XP level 2. HP: 23/27 MP: 1/1
   306 | D:1      | Reached skill level 3 in Axes
   650 | D:2      | HP: 6/27 [poisoned by an adder]
   651 | D:2      | Reached skill level 4 in Fighting
   651 | D:2      | Reached skill level 4 in Armour
   651 | D:2      | Reached skill level 4 in Shields
   651 | D:2      | Reached XP level 3. HP: 7/33 MP: 2/2
   655 | D:2      | HP: 4/33 [poisoned by an adder]
   781 | D:2      | You pick up a book of Displacement and begin reading...
   781 | D:2      | You add the spells Lesser Beckoning, Gell's Gravitas and
                  | Teleport Other to your library.
   934 | D:2      | Noticed Natasha
   947 | D:2      | Killed Natasha
  1121 | D:2      | Noticed Natasha
  1130 | D:2      | Killed Natasha
  1131 | D:2      | Reached skill level 4 in Axes
  1131 | D:2      | Reached XP level 4. HP: 26/40 MP: 3/3
  1211 | D:2      | Noticed Natasha
  1220 | D:2      | Killed Natasha
  1917 | D:3      | Reached XP level 5. HP: 46/47 MP: 4/4
  2400 | D:3      | You pick up a book of Beasts and begin reading...
  2400 | D:3      | You add the spells Summon Ice Beast, Summon Mana Viper and
                  | Monstrous Menagerie to your library.
  2406 | D:3      | Found a shimmering blue altar of Sif Muna.
  2784 | D:4      | Found a hide-covered altar of Uskayaw.
  2784 | D:4      | Noticed a +0 dagger
  2784 | D:4      | Noticed a +0 falchion
  2786 | D:4      | Noticed a +0 spear
  2786 | D:4      | Noticed a +0 spear
  2786 | D:4      | Noticed a +0 short sword
  2787 | D:4      | Noticed a +0 falchion
  2787 | D:4      | Noticed a +0 short sword
  2787 | D:4      | Noticed a +0 dagger
  2974 | D:4      | Found a staircase to the Ecumenical Temple.
  2988 | Temple   | Entered the Ecumenical Temple
  3046 | Temple   | Became a worshipper of Warmaster Okawaru
  3097 | D:4      | You pick up a book of Dangerous Friends and begin
                  | reading...
  3147 | D:4      | Noticed a lemure
  3147 | D:4      | Noticed a lemure
  3152 | D:4      | Noticed a lemure
  3153 | D:4      | Noticed Pikel
  3159 | D:4      | Noticed a lemure
  3160 | D:4      | HP: 9/47 [lemure[Pikel] (6)]
  3161 | D:4      | Killed a lemure
  3163 | D:4      | HP: 3/47 [Pikel/+0 whip of freezing (4)]
  3165 | D:4      | Slain by Pikel

Vanquished Creatures
  A lemure (D:4)
  Natasha (thrice) (D:2)
  7 adders
  A dart slug (D:1)
  4 orcs (D:3)
  5 ball pythons
  5 endoplasms
  5 giant cockroaches
  3 goblins
  7 hobgoblins
  4 jackals (D:4)
  2 quokkas
  5 bats
  3 frilled lizards
  8 kobolds
  5 rats
68 creatures vanquished.

Table legend:
 A = Non-vault XP
 B = Vault XP
 C = Vault XP percentage of total XP
 D = Non-vault monster count
 E = Vault monster count
 F = Vault count percentage of total count
                 A         B        C        D         E       F
            +---------+---------+-------+---------+---------+-------
      Total |     252 |      50 |  16.6 |      64 |       3 |   4.5
            +---------+---------+-------+---------+---------+-------
        D:1 |      26 |       0 |   0.0 |      15 |       0 |   0.0
        D:2 |     104 |      35 |  25.2 |      15 |       1 |   6.2
        D:3 |      78 |      15 |  16.1 |      22 |       2 |   8.3
        D:4 |      44 |       0 |   0.0 |      12 |       0 |   0.0
            +---------+---------+-------+---------+---------+-------

Skill      XL: |  1  2  3 |
---------------+----------+-----
Axes           | 3 4 |  4.9
Fighting       | 4 |  4.7
Armour         | 4 |  4.7
Shields        | 4 |  4.6

Action                     |  1- 3 |  4- 6 || total
---------------------------+-------+-------++-------
  Melee: War axe           |    60 |    89 ||   149
         Headbutt          |     5 |    13 ||    18
 Armour: Scale mail        |    37 |     6 ||    43
         Chain mail        |       |    44 ||    44
  Dodge: Dodged            |    34 |    40 ||    74
  Block: Buckler           |    15 |    23 ||    38

Illustrated notes

Table legend:
 A = Kills in this place as a percentage of kills in the entire game.
 B = Kills by you in this place as a percentage of kills by you in the entire game.
 C = Kills by friends in this place as a percentage of kills by friends in the entire game.
 D = Other kills in this place as a percentage of other kills in the entire game.
 E = Experience gained in this place as a percentage of experience gained in the entire game.
 F = Experience gained in this place divided by the number of levels of this place that you have seen.
                   A       B       C       D       E      F
               +-------+-------+-------+-------+-------+----------------------
         Total | 100.0 | 100.0 |   N/A |   N/A | 100.0 |  60.4
       Dungeon | 100.0 | 100.0 |   N/A |   N/A | 100.0 |  75.5
               +-------+-------+-------+-------+-------+----------------------

Table legend: (Time is in decaauts)
 A = Elapsed time spent in this place.
 B = Non-inter-level travel time spent in this place.
 C = Inter-level travel time spent in this place.
 D = Time resting spent in this place.
 E = Time spent auto-exploring this place.
 F = Levels seen in this place.
 G = Mean time per level.
                   A        B        C        D        E       F      G
               +--------+--------+--------+--------+--------+-----+--------+
         Total |   3222 |   3108 |    114 |      0 |   2667 |   5 |  644.4 |
       Dungeon |   3142 |   3049 |     93 |      0 |   2623 |   4 |  785.5 |
        Temple |     80 |     59 |     21 |      0 |     44 |   1 |   80.0 |
               +--------+--------+--------+--------+--------+-----+--------+

Top non-repeatable levels by time:
     D:3: 1400 daAuts
     D:2: 793 daAuts
     D:1: 584 daAuts
     D:4: 364 daAuts
  Temple: 80 daAuts
